 Dungeon Sprint DCSS version 0.30-a0-371-gad7725a93e (webtiles) character file.

Game seed: 5556030101787865005

22196 Kingsmith the Slayer (level 12, -5/149 HPs)
             Began as a Minotaur Berserker on Nov 21, 2022.
             Was the Champion of Trog.
             Slain by a stone giant simulacrum (30 damage)
             ... animated by a necromancer
             ... in the Dungeon (Sprint IX: "|||||||||||||||||||||||||||||").
             The game lasted 00:08:47 (2516 turns).

Kingsmith the Slayer (Minotaur Berserker)           Turns: 2516, Time: 00:08:47

Health: -5/149     AC: 36    Str: 26    XL:     12   Next: 60%
Magic:  11/11      EV:  8    Int:  4    God:    Trog [******]
Gold:   1681       SH:  0    Dex: 11    Spells: 11/11 levels left

rFire   . . .      SeeInvis .    s - +2 great sword (flame)
rCold   . . .      Faith    .    (shield currently unavailable)
rNeg    . . .      Spirit   .    z - +2 crystal plate armour
rPois   +          Reflect  .    (helmet restricted)
rElec   .          Harm     .    v - +2 cloak {rPois}
rCorr   +          Rampage  .    o - +0 pair of gloves
Will    .....      NoTele   +    (no boots)
Stlth   ..........               (no amulet)
HPRegen 0.44/turn                a - +2 ring of protection
MPRegen 0.12/turn                u - ring of resist corrosion

@: on berserk cooldown, slowed, very slow
A: horns 2, retaliatory headbutt
a: Renounce Religion, Berserk, Trog's Hand, Brothers in Arms


You were in the Dungeon.
You worshipped Trog.
Trog was exalted by your worship.
You visited 1 branch You collected 1961 gold pieces.
You spent 280 gold pieces at shops.

Inventory:

Hand Weapons
 s - a +2 great sword of flaming (weapon)
 t - a +7 vorpal falchion
Armour
 o - a +0 pair of gloves (worn)
 v - a +2 cloak of poison resistance (worn)
 z - a +2 crystal plate armour (worn)
Jewellery
 a - a +2 ring of protection (left hand)
 n - a ring of fire
 u - a ring of resist corrosion (right hand)
 w - a ring of positive energy
 x - a ring of poison resistance
 y - a ring of protection from cold
Wands
 j - a wand of iceblast (10)
 k - a wand of mindburst (5)
 l - a wand of flame (5)
Scrolls
 b - 2 scrolls of enchant armour
 h - 5 scrolls of blinking
 m - a scroll of identify
 q - a scroll of fog
 r - 6 scrolls of enchant weapon
 A - a scroll of fear
Potions
 c - 7 potions of curing
 d - 5 potions of heal wounds
 e - 2 potions of haste
 f - 4 potions of magic
 g - 4 potions of berserk rage
 i - a potion of invisibility
 p - a potion of might


   Skills:
 * Level 26.6 Fighting
 + Level 19.8 Long Blades
 + Level 19.6 Armour
 - Level 5.1 Dodging


You had 11 spell levels left.
You didn't know any spells.
Your spell library was empty.

Dungeon Overview and Level Annotations

Branches:
Dungeon (1/1)

Altars:
Cheibriados
Dithmenos
Elyvilon
Fedhas
Gozag
Hepliaklqana
Kikubaaqudgha
Makhleb
Nemelex Xobeh
Okawaru
Qazlal
Ru
Sif Muna
Trog
Uskayaw
Vehumet
Wu Jian
Xom
Yredelemnul
Zin
The Shining One
Jiyva
Lugonu

Shops:
D *(!*


Innate Abilities, Weirdness & Mutations

You have a pair of horns on your head.
You reflexively headbutt those who attack you in melee.


Message History

You hit the stone giant simulacrum.
The stone giant simulacrum is lightly damaged.
Your stone giant rages.
The necromancer hits your stone giant but does no damage.
Your stone giant is poisoned.
The stone giant simulacrum hits you!
The stone giant simulacrum freezes you!!
Your stone giant is engulfed in freezing vapours.
Your stone giant hits the necromancer!!!
The necromancer dies!
Trog accepts your kill.
Trog appreciates your killing of a magic user.
Your stone giant is engulfed in freezing vapours.
Your stone giant hits the cyan ugly thing!!!
The cyan ugly thing pecks your stone giant.
The cyan ugly thing shocks your stone giant!
Your stone giant is engulfed in freezing vapours.
Your stone giant hits the cyan ugly thing!!!
The cyan ugly thing dies!
Trog accepts your kill.
Your stone giant stops moving altogether!
Something hits your stone giant but does no damage.
You slash the stone giant simulacrum!
The stone giant simulacrum is heavily damaged.
The stone giant simulacrum barely misses you.
You furiously retaliate!
You headbutt the stone giant simulacrum.
Your +2 great sword of flaming bursts into flame!
s - a +2 great sword of flaming (weapon)
The stone giant simulacrum hits you!
The stone giant simulacrum freezes you!!
* * * LOW HITPOINT WARNING * * *
You slash the stone giant simulacrum!
You melt the stone giant simulacrum.
The stone giant simulacrum is almost destroyed.
You hit the stone giant simulacrum but do no damage.
The stone giant simulacrum is almost destroyed.
The stone giant simulacrum hits you!
* * * LOW HITPOINT WARNING * * *
The stone giant simulacrum freezes you!!
You die...

▓_▓.▓)▓.▓)▓[▓[▓
▓_▓.▓÷▓.▓)▓.▓[▓
▓_▓.▓÷▓.▓)▓)▓.▓
▓_▓.▓.▓.▓.▓)▓.▓
▓_▓.▓.▓.▓)▓)▓!▓
▓_▓.▓.▓.▓.▓.▓.▓
▓_▓.▓.▓.▓[▓.▓.▓
▓_▓.▓.▓.▓.▓.▓.▓
▓_▓.▓.▓.▓.▓.▓@▓
▓_▓.▓)▓.▓.▓.▓Z▓
▓_▓.▓.▓.▓)▓.▓.▓
▓'▓.▓†▓.▓)▓.▓.▓
▓.▓.▓†▓.▓)▓.▓'▓
▓?▓.▓†▓.▓)▓.▓[▓
▓)▓.▓.▓.▓)▓.▓)▓
▓)▓.▓.▓.▓)▓.▓(▓
▓.▓.▓.▓.▓∩▓.▓C▓


You could see a stone giant simulacrum.

Vanquished Creatures
  An ettin (D)
  A hydra (D)
  Erolcha (D)
  A boulder beetle (D)
  Erica (D)
  A centaur warrior (D)
  5 ogre magi (D)
  4 two-headed ogres (D)
  Sonja (D)
  2 orc knights (D)
  A deep elf pyromancer (D)
  3 ugly things (D)
  Maurice (D)
  A gargoyle (D)
  4 efreet (D)
  A tengu conjurer (D)
  2 komodo dragons (D)
  Psyche (D)
  3 polar bears (D)
  2 blink frogs (D)
  2 wyverns (D)
  2 yaks (D)
  A steam dragon (D)
  2 vampire mosquitoes (D)
  4 water moccasins (D)
  11 orc warriors (D)
  5 black bears (D)
  4 ogres (D)
  A wolf (D)
  3 bullfrogs (D)
  2 jellies (D)
  4 orc priests (D)
  2 iguanas (D)
  3 orc wizards (D)
  An adder (D)
  A dart slug (D)
  6 orcs (D)
  A bat (D)
  A hobgoblin (D)
  A ball python (D)
  A rat (D)
95 creatures vanquished.

Vanquished Creatures (collateral kills)
  A stone giant (D)
  A very ugly thing (D)
  A two-headed ogre (D)
  A necromancer (D)
  An ugly thing (D)
  A shadow (D)
  A basilisk (D)
7 creatures vanquished.

Grand Total: 102 creatures vanquished

Notes
Turn   | Place    | Note
-------+----------+-------------------------------------------
     0 | D        | Kingsmith the Minotaur Berserker began the quest for the
                  | Orb.
     0 | D        | Reached XP level 1. HP: 19/19 MP: 0/0
     7 | D        | Reached skill level 4 in Fighting
     9 | D        | Reached ** piety under Trog
    64 | D        | Noticed an iguana
    64 | D        | Noticed an iguana
    64 | D        | Noticed a jelly
    64 | D        | Noticed a jelly
    68 | D        | Killed an iguana
    69 | D        | Reached skill level 5 in Fighting
    69 | D        | Reached XP level 2. HP: 30/30 MP: 1/1
    69 | D        | Reached XP level 3. HP: 37/37 MP: 2/2
    71 | D        | Reached *** piety under Trog
    72 | D        | Reached skill level 6 in Fighting
    72 | D        | Reached skill level 5 in Long Blades
    76 | D        | Reached skill level 7 in Fighting
    76 | D        | Reached skill level 5 in Armour
    76 | D        | Reached XP level 4. HP: 47/47 MP: 3/3
    78 | D        | Reached skill level 8 in Fighting
    78 | D        | Reached skill level 5 in Dodging
   116 | D        | Found a snail-covered altar of Cheibriados.
   116 | D        | Found a shadowy altar of Dithmenos.
   116 | D        | Found a white marble altar of Elyvilon.
   116 | D        | Found a blossoming altar of Fedhas.
   116 | D        | Found an opulent altar of Gozag.
   117 | D        | Found a hazy altar of Hepliaklqana.
   118 | D        | Found a viscous altar of Jiyva.
   119 | D        | Found an ancient bone altar of Kikubaaqudgha.
   120 | D        | Found a corrupted altar of Lugonu.
   121 | D        | Found a burning altar of Makhleb.
   122 | D        | Found a sparkling altar of Nemelex Xobeh.
   123 | D        | Found an iron altar of Okawaru.
   124 | D        | Found a stormy altar of Qazlal.
   125 | D        | Found a sacrificial altar of Ru.
   126 | D        | Found a shimmering blue altar of Sif Muna.
   127 | D        | Found a bloodstained altar of Trog.
   128 | D        | Found a hide-covered altar of Uskayaw.
   129 | D        | Found a radiant altar of Vehumet.
   130 | D        | Found an ornate altar of the Wu Jian Council.
   131 | D        | Found a shimmering altar of Xom.
   132 | D        | Found a basalt altar of Yredelemnul.
   133 | D        | Found a glowing silver altar of Zin.
   134 | D        | Found a glowing golden altar of the Shining One.
   154 | D        | Got the +2 scimitar "Muway" {drain, rN+}
   199 | D        | Noticed a wyvern
   199 | D        | Noticed a gargoyle
   199 | D        | Noticed an orc warrior
   199 | D        | Noticed an orc warrior
   199 | D        | Noticed a shadow
   199 | D        | Noticed a two-headed ogre
   204 | D        | Killed a wyvern
   204 | D        | Reached **** piety under Trog
   205 | D        | Reached skill level 10 in Fighting
   205 | D        | Reached XP level 5. HP: 42/59 MP: 4/4
   205 | D        | Reached XP level 6. HP: 48/67 MP: 5/5
   216 | D        | Killed a gargoyle
   217 | D        | Reached skill level 12 in Fighting
   217 | D        | Reached XP level 7. HP: 67/78 MP: 6/6
   224 | D        | Reached skill level 13 in Fighting
   224 | D        | Reached skill level 10 in Long Blades
   228 | D        | Killed a shadow
   229 | D        | Reached skill level 14 in Fighting
   229 | D        | Reached skill level 10 in Armour
   233 | D        | Killed a two-headed ogre
   234 | D        | Reached skill level 15 in Fighting
   234 | D        | Reached XP level 8. HP: 13/93 MP: 7/7
   457 | D        | Noticed an efreet
   457 | D        | Noticed an efreet
   457 | D        | Noticed a purple ugly thing
   457 | D        | Noticed a deep elf pyromancer
   457 | D        | Noticed a centaur warrior
   462 | D        | Killed an efreet
   463 | D        | Reached skill level 16 in Fighting
   466 | D        | Killed an efreet
   467 | D        | Reached XP level 9. HP: 101/101 MP: 8/8
   472 | D        | Killed a purple ugly thing
   473 | D        | Reached skill level 17 in Fighting
   475 | D        | Killed a deep elf pyromancer
   476 | D        | Reached skill level 18 in Fighting
   479 | D        | Killed a centaur warrior
   481 | D        | Reached ***** piety under Trog
   677 | D        | Noticed a boulder beetle
   679 | D        | Received a gift from Trog
   685 | D        | Noticed a komodo dragon
   688 | D        | Reached skill level 19 in Fighting
   692 | D        | Reached XP level 10. HP: 94/115 MP: 9/9
   727 | D        | Killed a boulder beetle
   728 | D        | Reached skill level 20 in Fighting
   834 | D        | Noticed a five-headed hydra
   848 | D        | Killed a three-headed hydra
   849 | D        | Reached skill level 15 in Long Blades
   849 | D        | Reached skill level 15 in Armour
   851 | D        | Received a gift from Trog
   861 | D        | Reached skill level 21 in Fighting
  1078 | D        | Reached ****** piety under Trog
  1087 | D        | Received a gift from Trog
  1102 | D        | Reached XP level 11. HP: 106/129 MP: 10/10
  1239 | D        | Noticed Psyche
  1240 | D        | Noticed Erolcha
  1247 | D        | Killed Psyche
  1256 | D        | Killed Erolcha
  1256 | D        | Received a gift from Trog
  1257 | D        | Reached skill level 22 in Fighting
  1325 | D        | Noticed an ettin
  1340 | D        | Killed an ettin
  1340 | D        | Received a gift from Trog
  1537 | D        | Noticed an orc knight
  1549 | D        | Killed an orc knight
  1559 | D        | Received a gift from Trog
  1559 | D        | Noticed an orc knight
  1565 | D        | Reached skill level 23 in Fighting
  1575 | D        | Killed an orc knight
  1701 | D        | Found Wemid's General Store.
  1701 | D        | Noticed an ogre mage
  1701 | D        | Noticed a two-headed ogre
  1701 | D        | Noticed a two-headed ogre
  1701 | D        | Noticed an ogre mage
  1702 | D        | Noticed an ogre mage
  1705 | D        | Killed an ogre mage
  1705 | D        | Received a gift from Trog
  1711 | D        | Killed a two-headed ogre
  1717 | D        | Killed a two-headed ogre
  1721 | D        | Paralysed by something for 3 turns
  1725 | D        | Killed an ogre mage
  1726 | D        | Reached skill level 24 in Fighting
  1726 | D        | Found Maumob's Weapon Shoppe.
  1731 | D        | Killed an ogre mage
  1736 | D        | Received a gift from Trog
  1737 | D        | Found Miem's Distillery.
  1739 | D        | Noticed an ogre mage
  1747 | D        | Noticed an ogre mage
  1753 | D        | Noticed a two-headed ogre
  1755 | D        | Killed an ogre mage
  1757 | D        | Noticed a two-headed ogre
  1763 | D        | Killed an ogre mage
  1764 | D        | Reached XP level 12. HP: 59/145 MP: 11/11
  1764 | D        | Found Kamol's General Store.
  1771 | D        | Killed a two-headed ogre
  1775 | D        | Killed a two-headed ogre
  1775 | D        | Received a gift from Trog
  1776 | D        | Reached skill level 25 in Fighting
  2142 | D        | Bought a scroll of identify for 20 gold pieces
  2148 | D        | Bought a ring of resist corrosion for 260 gold pieces
  2169 | D        | Noticed Erica
  2186 | D        | Killed Erica
  2304 | D        | Noticed Sonja
  2316 | D        | Noticed Maurice
  2320 | D        | Killed Sonja
  2331 | D        | Killed Maurice
  2331 | D        | Received a gift from Trog
  2473 | D        | Noticed a boulder beetle
  2484 | D        | Received a gift from Trog
  2485 | D        | Reached skill level 26 in Fighting
  2485 | D        | Noticed a purple very ugly thing
  2485 | D        | Noticed a stone giant
  2494 | D        | Noticed a stone giant
  2499 | D        | Noticed an ettin
  2503 | D        | Killed a purple very ugly thing
  2506 | D        | Killed a stone giant
  2516 | D        | Slain by a stone giant simulacrum

Illustrated notes

Levels and vault maps discovered:
D:        linesprint [early_d, line_temple, items_1, d_10, items_2, lair_1,
          lair_end, items_3, orc_1, orc_end, items_4, d_15, swamp_1, shoals_1,
          snake_1, spider_1, d_20, vaults_1, items_5, swamp_end, shoals_end,
          snake_end, spider_end, vaults_end, d_27, items_6, zot_1, zot_end,
          crypt_end, forest_end, elf_end, slime_end, tomb_end, abyss_end,
          pan_hell_end]

Skill      XL: |  1  2  3  4  5  6  7  8  9 10 11 12 |
---------------+-------------------------------------+-----
Fighting       | 5 7 10 12 15 16 19 21 24 26 | 26.6
Long Blades    | 4 5 7 9 11 12 14 16 18 19 | 19.8
Armour         | 4 5 7 9 11 12 13 15 18 19 | 19.6
Dodging        | 3 4 5 |  5.1

Action                   |  1- 3 |  4- 6 |  7- 9 | 10-12 || total
-------------------------+-------+-------+-------+-------++-------
Melee: Falchion          |    24 |     2 |       |   106 ||   132
       Headbutt          |     2 |     4 |     6 |    73 ||    85
       Scimitar          |       |    16 |    42 |    97 ||   155
       Punch             |       |     1 |       |     1 ||     2
       Double sword      |       |       |       |    67 ||    67
       Great sword       |       |       |       |    10 ||    10
Invok: Berserk           |     1 |     1 |     1 |     6 ||     9
       Trog's Hand       |     1 |       |     1 |     2 ||     4
       Brothers in Arms  |       |       |     2 |     1 ||     3
Armor: Animal skin       |     4 |       |       |       ||     4
       Chain mail        |       |     7 |     7 |    67 ||    81
       Plate armour      |       |       |       |    13 ||    13
       Crystal plate arm |       |       |       |    12 ||    12
Dodge: Dodged            |    17 |     5 |     5 |    76 ||   103

Table legend: (Time is in decaauts)
 A = Elapsed time spent in this place.
 B = Non-inter-level travel time spent in this place.
 C = Inter-level travel time spent in this place.
 D = Time resting spent in this place.
 E = Time spent auto-exploring this place.
 F = Levels seen in this place.
 G = Mean time per level.
                   A        B        C        D        E       F      G
               +--------+--------+--------+--------+--------+-----+--------+
         Total |   2479 |   2479 |      0 |   1288 |    213 |   1 | 2479.0 |
       Dungeon |   2479 |   2479 |      0 |   1288 |    213 |   1 | 2479.0 |
               +--------+--------+--------+--------+--------+-----+--------+

Top non-repeatable levels by time:
       D: 2479 daAuts
